 Dungeon Crawl Stone Soup version 0.30-a0-757-ga6a79fd877 (webtiles) character file.

Game seed: 16334509357396714345

83 theblackgale the Firebug (level 4, -2/32 HPs)
             Began as a Gnoll Fire Elementalist on Feb 9, 2023.
             Slain by a gnoll
             ... wielding a +0 flail
              (7 damage)
             ... on level 3 of the Dungeon.
             The game lasted 00:10:55 (1382 turns).

theblackgale the Firebug (Gnoll Fire Elementalist)  Turns: 1382, Time: 00:10:56

Health: -2/32      AC:  6    Str:  7    XL:     4   Next: 44%
Magic:  2/11       EV: 11    Int: 16    God:
Gold:   126        SH:  0    Dex: 13    Spells: 12/13 levels left

rFire   . . .      SeeInvis .    k - +0 war axe
rCold   . . .      Faith    .    (no shield)
rNeg    . . .      Spirit   .    d - +0 ring mail
rPois   .          Reflect  .    (no helmet)
rElec   .          Harm     .    (no cloak)
rCorr   .          Rampage  .    f - +0 pair of gloves
Will    .....                    (no boots)
Stlth   ++                       h - amulet of the acrobat
HPRegen 0.25/turn                (no ring)
MPRegen 0.12/turn                (no ring)

@: no status effects
A: fangs 1, strong nose, distributed training
a: no special abilities


You were on level 3 of the Dungeon.
You visited 1 branch of the dungeon, and saw 3 of its levels.

You collected 126 gold pieces.

Inventory:

Hand Weapons
 g - a +0 mace
 k - a +0 war axe (weapon)
Missiles
 i - 5 atropa-tipped darts (quivered)
 l - 3 javelins
 o - 6 poisoned darts
Armour
 a - a +0 robe
 d - a +0 ring mail (worn)
 f - a +0 pair of gloves (worn)
Jewellery
 h - an amulet of the acrobat (around neck)
Scrolls
 m - a scroll of identify {unknown}
 n - a scroll of enchant weapon {unknown}
Potions
 b - 2 potions of magic
 c - a potion of brilliance {unknown}
 e - a potion of degeneration {unknown}
 j - a potion of flight {unknown}


   Skills:
 + Level 1.2 Fighting
 + Level 1.2 Short Blades
 + Level 1.2 Long Blades
 + Level 1.2 Axes
 + Level 1.2 Maces & Flails
 + Level 1.2 Polearms
 + Level 1.2 Staves
 + Level 1.2 Ranged Weapons
 + Level 1.2 Throwing
 + Level 1.2 Armour
 + Level 4.6 Dodging
 + Level 4.3 Stealth
 + Level 1.2 Shields
 + Level 1.2 Unarmed Combat
 + Level 5.1 Spellcasting
 + Level 2.2 Conjurations
 + Level 1.0 Hexes
 + Level 1.0 Summonings
 + Level 1.0 Necromancy
 + Level 1.0 Translocations
 + Level 1.0 Transmutations
 + Level 5.5 Fire Magic
 + Level 1.0 Ice Magic
 + Level 1.0 Air Magic
 + Level 1.0 Earth Magic
 + Level 1.0 Poison Magic
 + Level 1.3 Invocations
 + Level 1.2 Evocations


You had 12 spell levels left.
You knew the following spells:

 Your Spells              Type           Power      Damage    Failure   Level
a - Foxfire               Conj/Fire      64%        2x1d7     11%         1

Your spell library contained the following spells:

 Spells                   Type           Power      Damage    Failure   Level
 Scorch                   Fire           42%        2d7       9%          2
 Inner Flame              Hex/Fire       14%        N/A       38%         3
 Kindle Blastsparks       Fire/Tloc/Air  24%        2d12      50%         3
 Flame Wave               Conj/Fire      16%        2d7       71%         4


Dungeon Overview and Level Annotations

Branches:
Dungeon (3/15)

Altars:


Innate Abilities, Weirdness & Mutations

You have very sharp teeth.
Your uncanny sense of smell can sniff out nearby items.
Your experience applies equally to all skills.


Message History

Your Translocations skill increases to level 1!
Your Transmutations skill increases to level 1!
Your Ice Magic skill increases to level 1!
Your Air Magic skill increases to level 1!
Your Earth Magic skill increases to level 1!
Your Poison Magic skill increases to level 1!
Found a lumpy blue potion.
The foxfire hits the gnoll.
The gnoll is moderately wounded.
The gnoll completely misses you.
Things that are here:
a +0 club; 2 throwing nets You barely miss the gnoll.
The gnoll is moderately wounded.
The gnoll completely misses you.
You barely miss the gnoll. You bite the gnoll, but do no damage.
The gnoll is moderately wounded.
The gnoll closely misses you.
You hit the gnoll.
The gnoll is heavily wounded.
The gnoll hits you with a +0 flail. The gnoll closely misses you.
You closely miss the gnoll.
The gnoll is heavily wounded.
The gnoll closely misses you.
You hit the gnoll. You bite the gnoll, but do no damage.
The gnoll is severely wounded.
The gnoll hits you with a +0 flail! x2
* * * LOW HITPOINT WARNING * * *
You barely miss the gnoll.
The gnoll is severely wounded.
The gnoll hits you with a +0 flail.
* * * LOW HITPOINT WARNING * * *
The gnoll attacks as you move away! The gnoll misses you.
The gnoll attacks as you move away! The gnoll barely misses you.
The gnoll attacks as you move away! The gnoll hits you but does no damage.
The gnoll attacks as you move away! The gnoll misses you.
Found a scroll labelled POEN FINOX.
Casting: Foxfire (safe; 11% risk of failure)
Confirm with . or Enter, or press ? or * to list all spells.
You conjure some foxfire!
The gnoll hits you with a +0 flail!
You die...

#### ##### #.. ...# #.#
#.### ####.######...# #
#.............#####?...
#.)......<#...g@v.^.#
#)##.####.#.#########
#. #.# #.#.# .. #.#
#.#.# ... ... #.#.# ##.
#.# #.#.# #. ##. .....
!. . #.#.#


You could see a gnoll (ally target).

Vanquished Creatures
  3 gnolls (D:3)
  3 adders (D:2)
  A worm (D:2)
  An endoplasm (D:3)
  A giant cockroach (D:2)
  2 goblins (D:1)
  3 hobgoblins
  2 quokkas
  4 ball pythons (D:1)
  A bat (D:2)
  A frilled lizard (D:2)
  2 kobolds (D:2)
  4 rats
28 creatures vanquished.

Vanquished Creatures (others)
  68 foxfires
68 creatures vanquished.

Grand Total: 96 creatures vanquished

Notes
Turn   | Place    | Note
-------+----------+-------------------------------------------
     0 | D:1      | theblackgale the Gnoll Fire Elementalist began the quest
                  | for the Orb.
     0 | D:1      | Reached XP level 1. HP: 13/13 MP: 6/6
   146 | D:1      | Reached XP level 2. HP: 6/19 MP: 5/7
   414 | D:2      | Reached skill level 5 in Spellcasting
   414 | D:2      | Reached XP level 3. HP: 9/25 MP: 1/9
   416 | D:2      | HP: 1/25 [worm (2)]
   439 | D:2      | HP: 1/25 [worm (6)]
   756 | D:2      | Reached skill level 1 in Invocations
  1322 | D:2      | Reached skill level 1 in Fighting
  1322 | D:2      | Reached skill level 1 in Short Blades
  1322 | D:2      | Reached skill level 1 in Long Blades
  1322 | D:2      | Reached skill level 1 in Axes
  1322 | D:2      | Reached skill level 1 in Maces & Flails
  1322 | D:2      | Reached skill level 1 in Polearms
  1322 | D:2      | Reached skill level 1 in Staves
  1322 | D:2      | Reached skill level 1 in Ranged Weapons
  1322 | D:2      | Reached skill level 1 in Throwing
  1322 | D:2      | Reached skill level 1 in Armour
  1322 | D:2      | Reached skill level 1 in Shields
  1322 | D:2      | Reached skill level 1 in Unarmed Combat
  1322 | D:2      | Reached skill level 1 in Evocations
  1357 | D:3      | Reached XP level 4. HP: 30/32 MP: 3/11
  1362 | D:3      | Reached skill level 1 in Hexes
  1362 | D:3      | Reached skill level 1 in Summonings
  1362 | D:3      | Reached skill level 1 in Necromancy
  1362 | D:3      | Reached skill level 1 in Translocations
  1362 | D:3      | Reached skill level 1 in Transmutations
  1362 | D:3      | Reached skill level 1 in Ice Magic
  1362 | D:3      | Reached skill level 1 in Air Magic
  1362 | D:3      | Reached skill level 1 in Earth Magic
  1362 | D:3      | Reached skill level 1 in Poison Magic
  1382 | D:3      | Slain by a gnoll

Illustrated notes

Levels and vault maps discovered:
D:1:      minmay_arrival_doors, layout_basic
D:2:      layout_loops_ring
D:3:      minmay_octagon_keep, layout_loops_ring

Skill      XL: |  1  2  3  4 |
---------------+-------------+-----
Conjurations   | 2 |  2.2
Spellcasting   | 5 |  5.1
Invocations    | 1 |  1.3
Fighting       | 1 |  1.2
Short Blades   | 1 |  1.2
Long Blades    | 1 |  1.2
Axes           | 1 |  1.2
Maces & Flails | 1 |  1.2
Polearms       | 1 |  1.2
Staves         | 1 |  1.2
Ranged Weapons | 1 |  1.2
Throwing       | 1 |  1.2
Armour         | 1 |  1.2
Shields        | 1 |  1.2
Unarmed Combat | 1 |  1.2
Evocations     | 1 |  1.2
Hexes          | 1 |  1.0
Summonings     | 1 |  1.0
Necromancy     | 1 |  1.0
Translocations | 1 |  1.0
Transmutations | 1 |  1.0
Ice Magic      | 1 |  1.0
Air Magic      | 1 |  1.0
Earth Magic    | 1 |  1.0
Poison Magic   | 1 |  1.0
Dodging        | |  4.6
Stealth        | |  4.3
Fire Magic     | |  5.5

Action                     |  1- 3 |  4- 6 || total
---------------------------+-------+-------++-------
  Melee: Unarmed           |     3 |       ||     3
         Mace              |    12 |       ||    12
         Bite              |     1 |     2 ||     3
         War axe           |     1 |     6 ||     7
   Cast: Foxfire           |    39 |     5 ||    44
    Use: Scroll            |     1 |       ||     1
 Armour: Ring mail         |    25 |     1 ||    26
  Dodge: Dodged            |    36 |    10 ||    46

Table legend: (Time is in decaauts)
 A = Elapsed time spent in this place.
 B = Non-inter-level travel time spent in this place.
 C = Inter-level travel time spent in this place.
 D = Time resting spent in this place.
 E = Time spent auto-exploring this place.
 F = Levels seen in this place.
 G = Mean time per level.
                   A        B        C        D        E       F      G
               +--------+--------+--------+--------+--------+-----+--------+
         Total |   1388 |    596 |    792 |    310 |     13 |   3 |  462.7 |
       Dungeon |   1388 |    596 |    792 |    310 |     13 |   3 |  462.7 |
               +--------+--------+--------+--------+--------+-----+--------+

Top non-repeatable levels by time:
     D:2: 970 daAuts
     D:1: 376 daAuts
     D:3: 41 daAuts
